 Dungeon Crawl Stone Soup version 0.30-a0-279-g4b46babb21 (webtiles) character file.

Game seed: 4577390312706017789

21 AarnesTheHuman the Shield-Bearer (level 3, 29/29 HPs)
             Began as a Formicid Fighter on Oct 16, 2022.
             Was a Follower of Dithmenos.
             Got out of the dungeon alive.
             The game lasted 00:02:09 (717 turns).

AarnesTheHuman the Shield-Bearer (Formicid Fighter)  Turns: 717, Time: 00:02:09

Health: 29/29      AC:  6    Str: 22    XL:     3   Next: 2%
Magic:  3/3        EV:  9    Int:  7    God:    Dithmenos [*.....]
Gold:   90         SH:  5    Dex: 13    Spells: 2/2 levels left

rFire   . . .      SeeInvis +    k - +0 dagger
rCold   . . .      Faith    .    c - +0 buckler
rNeg    . . .      Spirit   .    b - +0 scale mail
rPois   .          Reflect  .    (helmet unavailable)
rElec   .          Harm     .    (no cloak)
rCorr   .          Rampage  .    (no gloves)
Will    .....                    (no boots)
Stlth   ..........               (no amulet)
HPRegen 0.24/turn                (no ring)
MPRegen 0.08/turn                (no ring)

@: wreathed by umbra
A: permanent stasis, dig shafts and tunnels, antennae 3, four strong arms
a: Dig, Shaft Self, Renounce Religion


You escaped.
You worshipped Dithmenos.
Dithmenos was aware of your devotion.
You visited 1 branch of the dungeon, and saw 2 of its levels.

You collected 90 gold pieces.

Inventory:

Hand Weapons
 a - a +0 quarterstaff
 k - a +0 dagger (weapon)
Missiles
 h - 17 stones
Armour
 b - a +0 scale mail (worn)
 c - a +0 buckler (worn)
Jewellery
 g - a ring of protection from cold
Scrolls
 j - 2 scrolls of identify
Potions
 d - a potion of might


   Skills:
 + Level 3.5 Fighting
 + Level 2.3 Staves
 + Level 3.6 Armour
 + Level 4.3 Shields


You had 2 spell levels left.
You didn't know any spells.
Your spell library contained the following spells:

 Spells                   Type           Power      Damage    Failure   Level
 Freeze                   Ice            0%         1d3       83%         1
 Frozen Ramparts          Ice            0%         1d1       99%         3
 Hailstorm                Conj/Ice       0%         3d3       99%         3
 Ozocubu's Armour         Ice            0%         N/A       99%         3
 Ozocubu's Refrigeration  Ice            0%         4d7       100%        7


Dungeon Overview and Level Annotations

Branches:
Dungeon (2/15)

Altars:
Dithmenos


Innate Abilities, Weirdness & Mutations

You cannot be hasted, slowed, berserked, paralysed or teleported.
You can dig through walls and to a lower floor.
You have a pair of large antennae on your head. (SInv)
Your four strong arms can wield two-handed weapons with a shield.


Message History

You hit the adder.
The adder is severely wounded.
You feel sick.
You are no longer poisoned.
The adder closely misses you.
You miss the adder.
The adder is severely wounded.
The adder closely misses you.
You hit the adder.
You kill the adder!
You have reached level 3!
Your experience leads to an increase in your attributes!
Increase (S)trength, (I)ntelligence, or (D)exterity?
You feel stronger. x2
You hit the rat.
The rat is heavily wounded.
The rat barely misses you.
You barely miss the rat.
The rat is heavily wounded.
The rat closely misses you.
You closely miss the rat. The rat bites you but does no damage.
You barely miss the rat. The rat closely misses you.
You closely miss the rat. The rat bites you but does no damage.
You barely miss the rat. The rat closely misses you.
You barely miss the rat. The rat bites you but does no damage.
You hit the rat.
You kill the rat!
You see here an adder corpse.
There is a faded altar of an unknown god here.
This altar belongs to (a) Vehumet, (b) Cheibriados or (c) Dithmenos, but you can't tell which.
Press the corresponding letter to learn more about a god, or press enter to convert or escape to cancel.
Dithmenos accepts your prayer! Dithmenos welcomes you!
You are shrouded in an aura of darkness!
There is a stone staircase leading up here.
You climb upwards.
There is a stone staircase leading down here.
HP restored.
There is a staircase leading out of the dungeon here.
Are you sure you want to leave the Dungeon?
This will make you lose the game!
You have escaped!

#...# ####.# #.#.# #....#
#####'### #.#### ........# #.#
........# #.# ........# #.# ###
.......####'####.# .......#
#.....#># ####### ## .......#
#.....#@# #.....# #. .......#
#.....#.# #.....####.
##'#######.....#.# #.....#....
.#.# #.+.......# #.....#....
.#.#####.#.....########.....#....
.#>.........................#....
.#..........................+....
.###.....#.....########.....#....
.###...........# #####......


There were no monsters in sight!

Vanquished Creatures
  An adder (D:2)
  2 giant cockroaches (D:1)
  A goblin (D:1)
  2 quokkas
  A ball python (D:1)
  A bat (D:2)
  A frilled lizard (D:1)
  3 kobolds (D:1)
  A rat (D:2)
13 creatures vanquished.

Notes
Turn   | Place    | Note
-------+----------+-------------------------------------------
     0 | D:1      | AarnesTheHuman the Formicid Fighter began the quest for the
                  | Orb.
     0 | D:1      | Reached XP level 1. HP: 18/18 MP: 1/1
   225 | D:1      | Reached XP level 2. HP: 24/24 MP: 2/2
   597 | D:2      | Found a faded altar of an unknown god.
   655 | D:2      | Reached XP level 3. HP: 20/29 MP: 3/3
   669 | D:2      | Prayed at the altar of an unknown god.
   669 | D:2      | Became a worshipper of Dithmenos the Shadowed
   669 | D:2      | Reached * piety under Dithmenos
   717 | D:$      | Got out of the dungeon alive.

Illustrated notes

Levels and vault maps discovered:
D:1:      dpeg_arrival_tiny_i, layout_basic
D:2:      layout_loops_ring, basic_ecumenical_altar, basic_altar

Action                   || total
-------------------------++-------
Melee: Quarterstaff      ||    25
       Dagger            ||    22
 Abil: Dig               ||     1
  Use: Scroll            ||     4
Armor: Scale mail        ||    17
Dodge: Dodged            ||    26
Block: Buckler           ||     9

Table legend: (Time is in decaauts)
 A = Elapsed time spent in this place.
 B = Non-inter-level travel time spent in this place.
 C = Inter-level travel time spent in this place.
 D = Time resting spent in this place.
 E = Time spent auto-exploring this place.
 F = Levels seen in this place.
 G = Mean time per level.
                   A        B        C        D        E       F      G
               +--------+--------+--------+--------+--------+-----+--------+
         Total |    723 |    669 |     54 |      0 |    527 |   2 |  361.5 |
       Dungeon |    723 |    669 |     54 |      0 |    527 |   2 |  361.5 |
               +--------+--------+--------+--------+--------+-----+--------+

Top non-repeatable levels by time:
     D:1: 643 daAuts
     D:2: 80 daAuts
